 Dungeon Crawl Stone Soup version 0.28.0 (webtiles) character file.

Game seed: 17261546861456718866

91 HallandMoats the Ruffian (level 4, -1/40 HPs)
             Began as a Ghoul Monk on Feb 12, 2022.
             Was a Priest of Dithmenos.
             Killed by divine providence
             ... invoked by an orc priest
              (16 damage)
             ... on level 3 of the Dungeon.
             The game lasted 00:02:34 (2397 turns).

HallandMoats the Ruffian (Ghoul Monk)               Turns: 2397, Time: 00:02:35

Health: -1/40      AC:  8    Str: 22    XL:     4   Next: 59%
Magic:  3/3        EV: 12    Int:  5    God:    Dithmenos [***...]
Gold:   115        SH:  0    Dex: 13    Spells: 3/3 levels left

rFire   . . .      SeeInvis .     - Unarmed
rCold   + . .      Faith    .   (no shield)
rNeg    + + +      Spirit   .   n - +0 ring mail
rPois   ∞          Reflect  .   (no helmet)
rElec   .          Harm     .   (no cloak)
rCorr   .          Rampage  .   (no gloves)
Will    .....                   h - +2 pair of boots
Stlth   ++........              (no amulet)
HPRegen 0.00/turn               j - ring of False Pretenses {Str+6 Dex+2}
MPRegen 0.08/turn               (no ring)

@: inhibited regen, wreathed by umbra
A: claws 1, cold resistance 1, negative energy resistance 3, inhibited
regeneration, torment resistance 2
a: Renounce Religion, Shadow Step


You were on level 3 of the Dungeon.
You worshipped Dithmenos.
Dithmenos was most pleased with you.
You visited 1 branch of the dungeon, and saw 3 of its levels.

You collected 115 gold pieces.

Inventory:

Armour
 h - a +2 pair of boots (worn)
 n - a +0 ring mail (worn)
Jewellery
 j - the ring of False Pretenses (left claw) {Str+6 Dex+2}
   (You found it on level 2 of the Dungeon)

   [ring of strength]

   Str:       It affects your strength (+6).
   Dex:       It affects your dexterity (+2).
Scrolls
 b - a scroll of fear {unknown}
 d - a scroll of immolation {unknown}
 e - a scroll of fog {unknown}
 f - a scroll of enchant armour {unknown}
 k - a scroll of amnesia {unknown}
 m - a scroll of identify {unknown}
Potions
 c - a potion of cancellation {unknown}
 g - a potion of might {unknown}
 i - 2 potions of heal wounds {unknown}
 l - a potion of resistance {unknown}


   Skills:
 * Level 4.2 Fighting
 + Level 1.1 Armour
 + Level 3.1 Dodging
 - Level 2.1 Stealth
 * Level 4.3 Unarmed Combat


You had 3 spell levels left.
You didn't know any spells.
Your spell library was empty.

Dungeon Overview and Level Annotations

Branches:
Dungeon (3/15)

Altars:
Dithmenos
Fedhas
Makhleb
Nemelex Xobeh
Qazlal


Innate Abilities, Weirdness & Mutations

You thrive by killing the living.
You are immune to poison.
You have sharp fingernails.
Your flesh is cold resistant. (rC+)
You are immune to negative energy. (rN+++)
You do not regenerate when monsters are visible.
You are immune to unholy pain and torment.


Message History

An orc priest comes into view. It is wielding a +0 trident.
The orc priest shouts!
You scratch the orc but do no damage.
The orc priest calls down the wrath of Beogh upon you.
Beogh smites you! The orc closely misses you.
You barely miss the orc. The orc misses you.
You barely miss the orc. Your claw misses the orc.
The orc priest looks encouraged for a moment.
You scratch the orc.
The orc is almost dead.
The orc barely misses you.
You claw the orc!
You kill the orc!
Dithmenos accepts your kill.
You barely miss the orc. The orc closely misses you.
You scratch the orc but do no damage. The orc closely misses you.
You barely miss the orc. The orc closely misses you.
You completely miss the orc. The orc hits you with a +0 dagger.
* * * LOW HITPOINT WARNING * * *
You scratch the orc.
The orc is heavily wounded.
The orc closely misses you.
You scratch the orc.
The orc is severely wounded.
The orc barely misses you.
You barely miss the orc.
The orc is severely wounded.
The orc barely misses you.
You barely miss the orc.
The orc is severely wounded.
The orc hits you but does no damage.
You scratch the orc.
You kill the orc!
Dithmenos accepts your kill.
You feel better.
You barely miss the hobgoblin. The hobgoblin barely misses you.
You barely miss the hobgoblin. The hobgoblin closely misses you.
The orc priest mumbles some strange prayers to Beogh against you.
Beogh smites you!
You die...

#(#####.#.####
..........#
..#####.###
#......#
#.##.#^####### #
#.Jo.......#####
##o#.##.##.#...#
#g#.##.##.#.#.#
#@#.##.##.....#
#.#######.#####
#.# #.# #.#
#####.# # #.#
#.....# ###### ##
... #.# #.#####
.....# ... #.. #.#
#.#
.....##.####..##.#
#.# #
#.......###.##.#
#.#######


You could see 2 orc priests, an endoplasm and a hobgoblin.

Vanquished Creatures
  4 adders
  2 worms (D:2)
  3 orcs (D:3)
  7 ball pythons
  3 bats
  4 endoplasms
  A giant cockroach (D:2)
  5 goblins
  2 hobgoblins
  2 quokkas
  A frilled lizard (D:1)
  8 kobolds
  3 rats
45 creatures vanquished.

Notes
Turn   | Place    | Note
-------+----------+-------------------------------------------
     0 | D:1      | HallandMoats the Ghoul Monk began the quest for the Orb.
     0 | D:1      | Reached XP level 1. HP: 19/19 MP: 0/0
    55 | D:1      | Found a faded altar of an unknown god.
   190 | D:1      | Prayed at the altar of an unknown god.
   190 | D:1      | Became a worshipper of Dithmenos the Shadowed
   190 | D:1      | Reached * piety under Dithmenos
   190 | D:1      | Reached ** piety under Dithmenos
   244 | D:1      | Reached XP level 2. HP: 26/26 MP: 1/1
   549 | D:1      | Reached *** piety under Dithmenos
   819 | D:2      | Reached XP level 3. HP: 25/33 MP: 2/2
  1098 | D:2      | Identified the ring of False Pretenses {Str+6 Dex+2}
  1870 | D:2      | Reached skill level 1 in Armour
  1870 | D:2      | Reached XP level 4. HP: 21/40 MP: 3/3
  2157 | D:3      | Found a sparkling altar of Nemelex Xobeh.
  2202 | D:3      | Found a stormy altar of Qazlal.
  2309 | D:3      | Found a burning altar of Makhleb.
  2366 | D:3      | Found a blossoming altar of Fedhas.
  2397 | D:3      | Killed from afar by an orc priest

Illustrated notes

Levels and vault maps discovered:
D:1:      lightli_arrival_statue_moat, layout_basic,
          ebering_ecumenical_altar_petrified, serial_bayou_pond_b
D:2:      layout_basic, serial_aquarium, aquarium_bridge_square
          [aquarium_subvault_bridge, aquarium_subvault_wall,
          aquarium_subvault_bridge, aquarium_subvault_bridge],
          aquarium_bridge_island_small [aquarium_subvault_small_open,
          aquarium_subvault_bridge, aquarium_subvault_bridge,
          aquarium_subvault_window, aquarium_subvault_wall],
          aquarium_window_corner, aquarium_window_double,
          aquarium_window_corridor_1, aquarium_window_2, aquarium_view_2g,
          aquarium_view_2f, aquarium_pool_1, minmay_crystal_room
D:3:      layout_basic, nicolae_qazlal_scattered_showers,
          mainiacjoe_overflow_alcove_2, bloody_makhleb, fedhas_altar_1,
          mainiacjoe_overflow_paths, nicolae_overflow_crystal_walls

Skill      XL: |  1  2  3 |
---------------+----------+-----
Unarmed Combat | 4 |  4.3
Dodging        | 3 |  3.1
Fighting       | 4 |  4.2
Armour         | 1 |  1.1
Stealth        | |  2.1

Action                   |  1- 3 |  4- 6 || total
-------------------------+-------+-------++-------
Melee: Unarmed           |    76 |    51 ||   127
       Punch             |     3 |       ||     3
 Stab: Sleeping          |     7 |     2 ||     9
Armor: Robe              |    11 |     3 ||    14
       Ring mail         |       |     6 ||     6
Dodge: Dodged            |    43 |    31 ||    74
